[Event "Titled Tuesday Blitz November 29 Late 2022"]
[White "Papp, Petra"]
[Black "Sabar, Ethmane Daouda"]
[WhiteFideId "739049"]
[BlackFideId "19600097"]
[WhiteElo "2259"]
[BlackElo "1950"]
[Result "0-1"]
[Round "07"]
[TimeControl "180+1"]
[Date "2022.11.30"]
[WhiteClock "0:00:02"]
[BlackClock "0:00:03"]

1. e4 c5 2. Nf3 Nc6 3. d4 cxd4 4. Nxd4 e5 5. Nb5 a6 6. Nd6+ Bxd6 7. Qxd6 Qf6 8. Qxf6 Nxf6 9. Bd3 d5 10. exd5 Nb4 11. Nc3 Nxd3+ 12. cxd3 Bf5 13. Bg5 Bxd3 14. Bxf6 gxf6 15. O-O-O Bg6 16. d6 O-O-O 17. Rd2 Rd7 18. Na4 Rdd8 19. Nb6+ Kb8 20. a4 a5 21. Rd5 Ka7 22. Nc4 b6 23. f3 Rc8 24. b3 Rhd8 25. Kb2 Bf5 26. Na3 Rc5 27. Rxc5 bxc5 28. Nb5+ Kb6 29. Rd1 Rd7 30. Kc3 Kc6 31. g4 Be6 32. h4 Bd5 33. Rd3 Be6 34. h5 Rd8 35. Rd2 Bc8 36. Kc4 Ba6 37. h6 Bc8 38. Rd3 Be6+ 39. Kc3 Bd5 40. Re3 Be6 41. Re2 Bd5 42. Rf2 Be6 43. Re2 Rg8 44. Rd2 Bd7 45. Nc7 Rg6 46. Nd5 Rxh6 47. Ne7+ Kb7 48. Kc4 Be6+ 49. Kxc5 Bd7 50. Nd5 f5 51. Kc4 fxg4 0-1


[Site "https://www.chess.com"]

[Event "Titled Tuesday Blitz November 29 Late 2022"]
[White "Perez Torres, Nabi Isaias"]
[Black "Perez Rodriguez, Jennifer"]
[WhiteFideId "5120373"]
[BlackFideId "3507831"]
[WhiteElo "1915"]
[BlackElo "2170"]
[Result "1-0"]
[Round "07"]
[TimeControl "180+1"]
[Date "2022.11.30"]
[WhiteClock "0:01:43"]
[BlackClock "0:01:22"]

1. d4 d5 2. c4 c6 3. Nc3 Nf6 4. e3 e6 5. Nf3 Nbd7 6. Bd3 dxc4 7. Bxc4 b5 8. Bd3 Bd6 9. e4 e5 10. d5 cxd5 11. exd5 a6 12. O-O O-O 13. a3 h6 14. Qe2 Nc5 15. Bc2 Re8 16. b4 Ncd7 17. Rd1 Bb7 18. Be3 Rc8 19. Qd2 Qc7 20. Ne4 Qxc2 21. Nxd6 Qxd2 22. Rxd2 Bxd5 23. Nxe8 Rxe8 24. Rad1 Be6 25. Rd6 Nb8 26. Rd8 e4 27. Rxe8+ Nxe8 28. Rd8 1-0


[Site "https://www.chess.com"]

[Event "Titled Tuesday Blitz November 29 Late 2022"]
[White "Petrovic, Aleksa"]
[Black "Battlecruiser_Operational"]
[WhiteFideId "967629"]
[WhiteElo "2224"]
[BlackElo "2177"]
[Result "1-0"]
[Round "07"]
[TimeControl "180+1"]
[Date "2022.11.30"]
[WhiteClock "0:01:14"]
[BlackClock "0:00:07"]

1. d4 c6 2. c4 d5 3. Nf3 Nf6 4. Nc3 e6 5. e3 Nbd7 6. Qc2 a6 7. b3 b5 8. Bd3 Bd6 9. O-O O-O 10. e4 bxc4 11. bxc4 e5 12. exd5 cxd5 13. c5 e4 14. Nxe4 dxe4 15. Bxe4 Nxe4 16. Qxe4 Rb8 17. cxd6 Nf6 18. Qc6 Bb7 19. Qc7 Bxf3 20. gxf3 Nd5 21. Qxd8 Rfxd8 22. Ba3 Rb5 23. Bc5 h5 24. Rab1 Ra5 25. Rb2 Nf4 26. Rfb1 Ra4 27. Rb8 Rxb8 28. Rxb8+ Kh7 29. d7 Rxa2 30. h4 Ne6 31. d5 Nxc5 32. d8=Q 1-0


[Site "https://www.chess.com"]

[Event "Titled Tuesday Blitz November 29 Late 2022"]
[White "Pinheiro, Iung Alicio de O."]
[Black "Rose, Felix"]
[WhiteFideId "2104350"]
[BlackFideId "5105722"]
[WhiteElo "2283"]
[BlackElo "2039"]
[Result "1-0"]
[Round "07"]
[TimeControl "180+1"]
[Date "2022.11.30"]
[WhiteClock "0:00:04"]
[BlackClock "0:00:01"]

1. d4 Nf6 2. c4 e6 3. g3 d5 4. Bg2 dxc4 5. Qa4+ Nbd7 6. Qxc4 a6 7. Qc2 c5 8. Nf3 Rb8 9. O-O b5 10. Ne5 Nxe5 11. dxe5 Nd5 12. Nd2 Bb7 13. Ne4 Be7 14. Rd1 Qb6 15. h4 h6 16. Nd6+ Bxd6 17. exd6 Qxd6 18. Bf4 e5 19. Qe4 Nxf4 20. Qxb7 Nxe2+ 21. Kf1 Qxd1+ 22. Rxd1 Rxb7 23. Bxb7 Nd4 24. Bxa6 Ke7 25. Bb7 f5 26. f4 b4 27. fxe5 Ke6 28. Re1 Rb8 29. Bg2 g5 30. h5 Rb6 31. Rc1 Rb5 32. Re1 Ra5 33. Rc1 Kxe5 34. Kf2 f4 35. gxf4+ Kxf4 36. Bf1 g4 37. Bc4 g3+ 38. Kg2 Nf5 39. Rf1+ Kg5 40. Re1 Kxh5 41. Re5 Kg4 42. Be6 c4 43. Rxa5 1-0


[Site "https://www.chess.com"]

[Event "Titled Tuesday Blitz November 29 Late 2022"]
[White "Poliakova, Varvara"]
[Black "Mgeladze, Tamaz"]
[WhiteFideId "13518313"]
[BlackFideId "13601202"]
[WhiteElo "2099"]
[BlackElo "2288"]
[Result "1-0"]
[Round "07"]
[TimeControl "180+1"]
[Date "2022.11.30"]
[WhiteClock "0:01:26"]
[BlackClock "0:01:25"]

1. f4 Nf6 2. Nf3 c5 3. g3 Nc6 4. Bg2 g6 5. O-O Bg7 6. d3 O-O 7. e4 d6 8. Nc3 Rb8 9. a4 a6 10. h3 b5 11. axb5 axb5 12. g4 b4 13. Ne2 Qb6 14. f5 c4+ 15. Kh1 b3 16. Bf4 bxc2 17. Qxc2 cxd3 18. Qxd3 Bb7 19. Nc3 Nb4 20. Qe2 Ba6 21. Rxa6 Qxa6 22. Qe3 Qd3 23. Qg1 Nxe4 24. Nxe4 Qxe4 25. Ne5 Qc2 26. Nd7 Qxb2 27. Nxf8 Rxf8 28. Bg5 Bf6 29. Bxf6 Qc3 30. Bxc3 1-0


[Site "https://www.chess.com"]

[Event "Titled Tuesday Blitz November 29 Late 2022"]
[White "Preotu, Razvan"]
[Black "Melikyan, Gnel"]
[WhiteFideId "2613280"]
[BlackFideId "54109990"]
[WhiteElo "2407"]
[BlackElo "2138"]
[Result "1-0"]
[Round "07"]
[TimeControl "180+1"]
[Date "2022.11.30"]
[WhiteClock "0:01:20"]
[BlackClock "0:00:55"]

1. e4 c6 2. Nc3 d5 3. Nf3 dxe4 4. Nxe4 Nf6 5. Qe2 Nxe4 6. Qxe4 Qd5 7. Qh4 Bf5 8. Bc4 Qe4+ 9. Qxe4 Bxe4 10. Bxf7+ Kxf7 11. Ng5+ Kg6 12. Nxe4 Nd7 13. d3 Nf6 14. Bf4 e6 15. f3 Be7 16. Bd6 Bxd6 17. Nxd6 Rhd8 18. Ne4 Nxe4 19. fxe4 Rf8 20. Rf1 Rxf1+ 21. Kxf1 Rd8 22. Ke2 Kf6 23. Rf1+ Ke7 24. Ke3 g6 25. d4 Rc8 26. c4 Rd8 27. h4 Rg8 28. g4 h6 29. e5 Rf8 30. Rxf8 Kxf8 31. d5 Ke7 32. d6+ Kd7 33. c5 g5 34. h5 Kd8 35. Kd4 Kd7 36. Kc4 Kd8 37. b4 Kd7 38. b5 Kc8 39. bxc6 bxc6 40. Kb4 Kb8 41. Ka5 Kb7 42. a3 1-0


[Site "https://www.chess.com"]

[Event "Titled Tuesday Blitz November 29 Late 2022"]
[White "Pruess, David"]
[Black "Brown, Andrew"]
[WhiteFideId "2014254"]
[BlackFideId "3206513"]
[WhiteElo "2420"]
[BlackElo "2245"]
[Result "1-0"]
[Round "07"]
[TimeControl "180+1"]
[Date "2022.11.30"]
[WhiteClock "0:00:15"]
[BlackClock "0:00:01"]

1. e4 g6 2. d4 Bg7 3. Nc3 c6 4. Be3 d5 5. Nf3 dxe4 6. Nxe4 Nd7 7. Bc4 Ngf6 8. Neg5 Nd5 9. Bd2 O-O 10. O-O b5 11. Bb3 Bb7 12. Re1 e6 13. Qe2 h6 14. Ne4 a5 15. c3 Ba6 16. Rad1 Qc7 17. Bc1 a4 18. Bc2 c5 19. dxc5 Nxc5 20. Nxc5 Qxc5 21. Ne5 b4 22. c4 Nb6 23. b3 a3 24. Nxg6 fxg6 25. Qxe6+ Rf7 26. Be3 Qe7 27. Qxb6 Raf8 28. Qxa6 1-0


[Site "https://www.chess.com"]

[Event "Titled Tuesday Blitz November 29 Late 2022"]
[White "Przybylski, Wojciech"]
[Black "Chirilov, James A"]
[WhiteFideId "1117599"]
[BlackFideId "30976677"]
[WhiteElo "2221"]
[BlackElo "1790"]
[Result "1-0"]
[Round "07"]
[TimeControl "180+1"]
[Date "2022.11.30"]
[WhiteClock "0:00:23"]
[BlackClock "0:00:15"]

1. e4 c5 2. Nf3 d6 3. Bb5+ Nd7 4. a4 Nf6 5. Nc3 g6 6. O-O Bg7 7. d3 O-O 8. h3 a6 9. Bc4 e6 10. Re1 b6 11. Bg5 Bb7 12. Qd2 Qc7 13. Bh6 d5 14. exd5 exd5 15. Bxg7 Kxg7 16. Ba2 Rfe8 17. d4 c4 18. Rxe8 Rxe8 19. Re1 Ne4 20. Nxe4 dxe4 21. Nh2 Nf6 22. c3 b5 23. axb5 axb5 24. Bb1 h5 25. Nf1 Qd6 26. Qg5 b4 27. Ng3 Kh7 28. Qb5 bxc3 29. Qxb7 Re7 30. Qb5 Qxd4 31. bxc3 Qxc3 32. Re3 Qc1+ 33. Kh2 c3 34. Qc5 Re6 35. Nxe4 Nxe4 36. Bxe4 Qd2 37. Qc7 Qxf2 38. Rf3 Qd2 39. Qxf7+ Kh6 40. Qxe6 c2 41. Qxg6# 1-0


[Site "https://www.chess.com"]

[Event "Titled Tuesday Blitz November 29 Late 2022"]
[White "Quesada Perez, Yuniesky"]
[Black "Kollars, Dmitrij"]
[WhiteFideId "3504409"]
[BlackFideId "12909572"]
[WhiteElo "2599"]
[BlackElo "2584"]
[Result "1/2-1/2"]
[Round "07"]
[TimeControl "180+1"]
[Date "2022.11.30"]
[WhiteClock "0:00:06"]
[BlackClock "0:00:09"]

1. e4 e5 2. Nf3 Nc6 3. Bc4 Nf6 4. d3 Be7 5. O-O O-O 6. a4 d5 7. exd5 Nxd5 8. Re1 Bg4 9. Nbd2 Kh8 10. h3 Bh5 11. a5 Rb8 12. c3 f6 13. Ne4 b5 14. axb6 axb6 15. Ng3 Bf7 16. Bb5 Ra8 17. Rxa8 Qxa8 18. d4 exd4 19. Nxd4 Nxd4 20. Qxd4 c6 21. Bd3 Re8 22. Qg4 Bf8 23. Rd1 g6 24. h4 h5 25. Nxh5 Qc8 26. Qxc8 Rxc8 27. Ng3 Re8 28. Ne4 Kg7 29. Bc2 b5 30. Ng3 Bd6 31. Ne4 Be7 32. g3 Be6 33. Re1 Kf7 34. Nd2 Bg4 35. Nb3 c5 36. Be4 Be6 37. Bxg6+ Kxg6 38. Rxe6 Kf7 39. Re1 Rb8 40. Bd2 Rd8 41. Kg2 Nb6 42. Bc1 Na4 43. h5 f5 44. h6 Bf6 45. Kf3 c4 46. Na1 Nc5 47. Rh1 Nd3 48. Nc2 Nxc1 49. Rxc1 Kg6 50. Rh1 Rd2 51. Rc1 Kxh6 52. Ke3 Bg5+ 53. f4 Rd3+ 54. Ke2 Bf6 55. Ne3 Kg6 56. Ra1 b4 57. cxb4 Bd4 58. Ra6+ Kh5 59. Nxf5 Bxb2 60. Ne3 Bd4 61. g4+ Kh4 62. Nxc4 Rc3 63. Ne5 Kg3 64. g5 Kxf4 65. Nd3+ Kxg5 66. Ra5+ Kf6 67. Kd2 Rb3 68. Rd5 Bg1 69. Kc2 Ra3 70. Nf4 Ra8 71. Nd3 Be3 72. Kb3 Bg1 73. Nb2 Rb8 74. Nc4 Ke6 75. Re5+ Kf6 76. Rh5 Bd4 77. Rd5 Bf2 78. Kc3 Bg3 79. b5 Ke6 80. Rh5 Be1+ 81. Kd4 Bg3 82. Rh6+ Kf5 83. b6 Bf2+ 84. Kd5 Bxb6 85. Nxb6 Rd8+ 86. Kc5 Kg5 87. Rc6 Rd1 88. Nd5 Rc1+ 89. Kd6 Rxc6+ 90. Kxc6 1/2-1/2


[Site "https://www.chess.com"]

[Event "Titled Tuesday Blitz November 29 Late 2022"]
[White "Remizov, Yaroslav"]
[Black "Kamsky, Gata"]
[WhiteFideId "34134015"]
[BlackFideId "2000024"]
[WhiteElo "2414"]
[BlackElo "2666"]
[Result "1-0"]
[Round "07"]
[TimeControl "180+1"]
[Date "2022.11.30"]
[WhiteClock "0:00:02"]
[BlackClock "0:00:05"]

1. e4 c6 2. d4 d5 3. Nc3 g6 4. e5 Bg7 5. f4 h5 6. Nf3 Nh6 7. Be3 Bg4 8. h3 Bxf3 9. Qxf3 h4 10. Bd3 e6 11. O-O Nf5 12. Bf2 Bf8 13. Ne2 Nd7 14. Rfd1 Be7 15. Kh2 b5 16. a4 a6 17. c3 Nb6 18. b3 Kf8 19. Ng1 Kg7 20. Qe2 Qc7 21. Nf3 Qd7 22. Qe1 Qd8 23. Ra2 Rb8 24. axb5 axb5 25. Rda1 Rb7 26. Ra7 Rxa7 27. Rxa7 Nc8 28. Ra6 Qc7 29. Bxf5 gxf5 30. Bxh4 Bxh4 31. Nxh4 Ne7 32. Qg3+ Ng6 33. Nxg6 fxg6 34. Qg5 Rf8 35. h4 Kh7 36. b4 Qd7 37. Ra3 Qg7 38. Ra6 Qb7 39. Ra2 Qg7 40. Kg1 Kg8 41. Ra6 Rc8 42. h5 gxh5 43. Qxh5 Qh7 44. Qxh7+ Kxh7 45. Ra7+ Kg6 46. Re7 Kh5 47. Kf2 Ra8 48. Rxe6 Ra2+ 49. Kg3 Rd2 50. Rxc6 Rd3+ 51. Kf2 Kg4 52. Rc5 Kxf4 53. Rxd5 Rxc3 54. e6 Rc2+ 55. Kg1 Kg3 56. Rxf5 Rxg2+ 57. Kf1 Rh2 58. e7 Rh8 59. Rf8 1-0


[Site "https://www.chess.com"]

[Event "Titled Tuesday Blitz November 29 Late 2022"]
[White "Rian, Kapriaga"]
[Black "Adel, Sara"]
[WhiteFideId "7103263"]
[BlackFideId "10616764"]
[WhiteElo "2326"]
[BlackElo "1994"]
[Result "1-0"]
[Round "07"]
[TimeControl "180+1"]
[Date "2022.11.30"]
[WhiteClock "0:00:05"]
[BlackClock "0:00:12"]

1. d4 Nf6 2. Nf3 g6 3. Bg5 Bg7 4. Nbd2 d6 5. e4 Nbd7 6. c3 c5 7. dxc5 Nxc5 8. Bb5+ Bd7 9. Bxd7+ Qxd7 10. Qe2 Na4 11. Nb3 Nxb2 12. Bxf6 Bxf6 13. Qxb2 Rc8 14. Rc1 Qg4 15. O-O Qxe4 16. Rfe1 Qf4 17. Nbd4 b6 18. Qb5+ Kf8 19. Qd7 Kg7 20. g3 Qh6 21. Rc2 Rc4 22. Rxe7 Rf8 23. Ne6+ Kg8 24. Nxf8 Bxe7 25. Qxe7 Qxf8 26. Qd7 Qa8 27. Kg2 Rc5 28. Re2 Rc8 29. Re7 Rf8 30. Qxd6 b5 31. Qf6 a5 32. h4 b4 33. cxb4 axb4 34. h5 Qxa2 35. h6 Qb3 36. Qg7# 1-0


[Site "https://www.chess.com"]

[Event "Titled Tuesday Blitz November 29 Late 2022"]
[White "Richter, Paul"]
[Black "Bobkov, Vadim"]
[WhiteFideId "2046350"]
[BlackFideId "34110876"]
[WhiteElo "2578"]
[BlackElo "2172"]
[Result "1-0"]
[Round "07"]
[TimeControl "180+1"]
[Date "2022.11.30"]
[WhiteClock "0:02:41"]
[BlackClock "0:01:38"]

1. e4 c5 2. Nf3 Nc6 3. d4 cxd4 4. Nxd4 g6 5. Nc3 Bg7 6. Be3 Nf6 7. Nxc6 bxc6 8. e5 Ng8 9. Bd4 c5 10. Be3 Bxe5 11. Qd5 Bxc3+ 12. bxc3 Qa5 13. Qxa8 Qxc3+ 14. Ke2 Qxc2+ 15. Bd2 Kd8 16. Rc1 Qe4+ 17. Qxe4 1-0


[Site "https://www.chess.com"]

[Event "Titled Tuesday Blitz November 29 Late 2022"]
[White "Rios Escobar, Adan"]
[Black "Lopez Mulet, Inigo"]
[WhiteFideId "3403645"]
[BlackFideId "22235620"]
[WhiteElo "2310"]
[BlackElo "2289"]
[Result "0-1"]
[Round "07"]
[TimeControl "180+1"]
[Date "2022.11.30"]
[WhiteClock "0:00:06"]
[BlackClock "0:00:57"]

1. d4 g6 2. g3 Bg7 3. Bg2 d5 4. Nf3 c5 5. dxc5 Nf6 6. O-O O-O 7. c3 a5 8. h3 Qc7 9. Be3 Na6 10. Na3 Bd7 11. Bd4 Nxc5 12. Be5 Qb6 13. Nc2 Rfd8 14. b4 Na4 15. Qd2 Bf5 16. Bd4 Qc7 17. Be5 Qc8 18. Ne3 Ne4 19. Nxf5 Nxd2 20. Nxe7+ Kf8 21. Nxc8 Nxf3+ 22. exf3 Bxe5 23. Ne7 Kxe7 24. Rfe1 Kf6 25. f4 Bxc3 26. g4 Bxa1 27. g5+ Kg7 28. Rxa1 axb4 29. Rb1 Nc3 30. Rxb4 Rxa2 31. Rxb7 d4 32. Bf1 d3 33. Kg2 Ne4 34. Kf3 Rxf2+ 35. Kxe4 Rxf1 36. f5 gxf5+ 37. Ke5 d2 38. h4 d1=Q 39. h5 Qd5# 0-1


[Site "https://www.chess.com"]

[Event "Titled Tuesday Blitz November 29 Late 2022"]
[White "Risteski, Emil"]
[Black "Abdyzhapar, Asylbek"]
[WhiteFideId "15005267"]
[BlackFideId "13800337"]
[WhiteElo "2251"]
[BlackElo "2323"]
[Result "0-1"]
[Round "07"]
[TimeControl "180+1"]
[Date "2022.11.30"]
[WhiteClock "0:00:01"]
[BlackClock "0:00:26"]

1. Nf3 Nf6 2. g3 g6 3. Bg2 Bg7 4. O-O O-O 5. Nc3 d6 6. d4 a6 7. a4 Nbd7 8. e4 c5 9. h3 cxd4 10. Nxd4 e6 11. a5 Qc7 12. Qe2 Rb8 13. Rd1 b5 14. axb6 Rxb6 15. Na4 Rb8 16. b3 Nb6 17. Nxb6 Rxb6 18. Ba3 Rd8 19. Rab1 Bb7 20. c4 Nd7 21. b4 Ba8 22. Rbc1 Rbb8 23. Nb3 h5 24. b5 Nc5 25. Nxc5 dxc5 26. bxa6 Rxd1+ 27. Rxd1 Bd4 28. Qc2 Qa5 29. Bc1 Qxa6 30. Re1 e5 31. Bg5 Bc6 32. Rb1 Ra8 33. Bf6 Ba4 34. Qc1 Qxf6 0-1


[Site "https://www.chess.com"]

[Event "Titled Tuesday Blitz November 29 Late 2022"]
[White "Rorrer, Grayson"]
[Black "Bettalli, Francesco"]
[WhiteFideId "30944996"]
[BlackFideId "2816453"]
[WhiteElo "2130"]
[BlackElo "2216"]
[Result "1-0"]
[Round "07"]
[TimeControl "180+1"]
[Date "2022.11.30"]
[WhiteClock "0:01:23"]
[BlackClock "0:01:32"]

1. e4 e5 2. Nc3 Bc5 3. Nf3 Nf6 4. Nxe5 Bd4 5. Nf3 Bxc3 6. dxc3 Nxe4 7. Bd3 Nc5 8. Be2 O-O 9. O-O d5 10. Be3 Ne4 11. Bd3 Bg4 12. h3 Bh5 13. c4 c6 14. cxd5 cxd5 15. Be2 Nc6 16. c3 Qd6 17. Qc2 Rad8 18. Rad1 Qf6 19. Qb3 Na5 20. Qb5 b6 21. Rxd5 Rxd5 22. Qxd5 Bg6 23. Bd4 Qe7 24. Re1 Rd8 25. Qe5 Qxe5 26. Nxe5 Nd6 27. Nxg6 hxg6 28. g4 f6 29. Kf1 Kf7 30. Bf3 Ndc4 31. Re2 g5 32. Be4 Ne5 33. Kg2 Nac4 34. b3 Nd6 35. Bd5+ Kg6 36. Bxe5 fxe5 37. Rxe5 Nc8 38. Be4+ Kf6 39. Rf5+ Ke7 40. Rxg5 Kf6 41. Rg6+ Kf7 42. Rg5 Nd6 43. Rd5 Ke6 44. Bf3 Rf8 45. c4 Nf7 46. Rf5 Ke7 47. Bd5 Nd6 48. Rxf8 Kxf8 49. f4 Ke7 50. Kf3 Kf6 51. h4 Nc8 52. g5+ Kg6 53. Kg4 Ne7 54. h5+ Kh7 55. Be4+ Kh8 56. f5 Ng8 57. Kf4 Ne7 58. f6 gxf6 59. gxf6 Nc8 60. Ke5 Kg8 61. Bg6 b5 62. cxb5 Nb6 63. Ke6 Kf8 64. h6 Kg8 65. h7+ Kh8 66. f7 Nd7 67. Kxd7 Kg7 68. f8=Q+ Kxg6 69. h8=Q 1-0


[Site "https://www.chess.com"]

[Event "Titled Tuesday Blitz November 29 Late 2022"]
[White "Rubio Tent, Francisco"]
[Black "Gerbelli Neto, Eduardo"]
[WhiteFideId "2238233"]
[BlackFideId "2103281"]
[WhiteElo "2211"]
[BlackElo "2178"]
[Result "1-0"]
[Round "07"]
[TimeControl "180+1"]
[Date "2022.11.30"]
[WhiteClock "0:00:08"]
[BlackClock "0:00:05"]

1. e4 e5 2. Nf3 Nc6 3. Bb5 a6 4. Ba4 d6 5. c3 f5 6. d3 Be7 7. a3 Nf6 8. Bb3 d5 9. exd5 Nxd5 10. Qe2 Bf6 11. Nxe5 Bxe5 12. d4 O-O 13. dxe5 Nxe5 14. O-O Nf7 15. Rd1 Qe7 16. Qxe7 Nxe7 17. Bf4 c6 18. Nd2 Ng6 19. Be3 Re8 20. Nf3 Be6 21. Bc2 f4 22. Bb6 Bd5 23. Nd4 Nfe5 24. Nf5 Nc4 25. Bd4 Nxb2 26. Rdb1 Nc4 27. Rxb7 Bf7 28. Rxf7 Kxf7 29. Bb3 Ne5 30. Nd6+ Ke6 31. Nxe8 Rxe8 32. Re1 Kf5 33. Bxc4 Nf3+ 34. gxf3 Rxe1+ 35. Kg2 Ra1 36. Bxa6 Rxa3 37. Bd3+ Ke6 38. Bxg7 1-0


[Site "https://www.chess.com"]

[Event "Titled Tuesday Blitz November 29 Late 2022"]
[White "Sadhwani, Raunak"]
[Black "Dardha, Daniel"]
[WhiteFideId "35093487"]
[BlackFideId "240990"]
[WhiteElo "2656"]
[BlackElo "2528"]
[Result "1-0"]
[Round "07"]
[TimeControl "180+1"]
[Date "2022.11.30"]
[WhiteClock "0:00:30"]
[BlackClock "0:00:01"]

1. c4 e6 2. Nf3 d5 3. d4 Nf6 4. g3 Bb4+ 5. Bd2 a5 6. Bg2 O-O 7. O-O dxc4 8. Qc2 Bxd2 9. Nbxd2 b5 10. a4 c6 11. b3 cxb3 12. Nxb3 Nd5 13. Rfd1 b4 14. Ne5 Ba6 15. e3 Nc3 16. Re1 f6 17. Nd3 Bxd3 18. Qxd3 Nd7 19. Qc4 Qe7 20. Qxc6 Rfc8 21. Qb7 Rcb8 22. Qf3 Ra7 23. e4 Nb6 24. h4 Nbxa4 25. e5 f5 26. d5 exd5 27. Nd4 Qc5 28. Nxf5 Nb6 29. e6 Re8 30. Qh5 g6 31. Qg5 Qf8 32. Nh6+ Kg7 33. Ng4 Kh8 34. Nf6 Ree7 35. Qe5 Rg7 36. h5 Nc4 37. Qd4 Nb5 38. Qxd5 Qxf6 39. Qxb5 1-0


[Site "https://www.chess.com"]

[Event "Titled Tuesday Blitz November 29 Late 2022"]
[White "Sailer, Mike"]
[Black "Romero Ruscalleda, Josep"]
[WhiteFideId "2012901"]
[BlackFideId "2231859"]
[WhiteElo "2109"]
[BlackElo "2183"]
[Result "0-1"]
[Round "07"]
[TimeControl "180+1"]
[Date "2022.11.30"]
[WhiteClock "0:00:04"]
[BlackClock "0:00:35"]

1. Nf3 g6 2. c4 Bg7 3. Nc3 d6 4. g3 e5 5. Bg2 f5 6. d4 Nc6 7. dxe5 Nxe5 8. Nxe5 Bxe5 9. O-O Ne7 10. Bg5 O-O 11. Nd5 Rf7 12. Nxe7+ Rxe7 13. Bxe7 Qxe7 14. Qd2 Qf6 15. Rab1 f4 16. b4 Kg7 17. c5 Bf5 18. Rbc1 dxc5 19. Rxc5 Rd8 20. Qc1 b6 21. Rxc7+ Bxc7 22. Qxc7+ Rd7 23. Qxf4 Qb2 24. Qc4 Re7 25. e3 Be6 26. Qd4+ Qxd4 27. exd4 Bxa2 28. d5 Bc4 29. Rd1 Rd7 30. d6 a5 31. Bc6 Rd8 32. b5 Be6 33. f4 Kf6 34. Kf2 a4 35. Ke3 a3 36. d7 a2 37. Kd4 Bxd7 38. Ra1 Bxc6+ 39. Kc4 Bd5+ 40. Kb4 Be6 41. h4 Rd3 42. g4 Rb3+ 43. Ka4 Rb1 44. g5+ Kf7 45. Rxa2 Bxa2 0-1


[Site "https://www.chess.com"]

[Event "Titled Tuesday Blitz November 29 Late 2022"]
[White "Salem, A.R. Saleh"]
[Black "Carlsen, Magnus"]
[WhiteFideId "9301348"]
[BlackFideId "1503014"]
[WhiteElo "2628"]
[BlackElo "2830"]
[Result "0-1"]
[Round "07"]
[TimeControl "180+1"]
[Date "2022.11.30"]
[WhiteClock "0:00:01"]
[BlackClock "0:00:51"]

1. d4 d5 2. c4 c6 3. Nc3 Nf6 4. Nf3 a6 5. g3 Bf5 6. Bg2 e6 7. O-O Be7 8. Nh4 Bg4 9. f3 Bh5 10. g4 Bg6 11. h3 dxc4 12. f4 Nd5 13. Nxg6 hxg6 14. e4 Nb4 15. Be3 Nd7 16. a3 Nd3 17. b3 c5 18. d5 e5 19. d6 Bxd6 20. bxc4 exf4 21. e5 Bxe5 22. Qxd3 fxe3 23. Qxe3 O-O 24. Kh1 b5 25. Rad1 Bd4 26. Qg3 bxc4 27. Bd5 Nf6 28. Bxa8 Qxa8+ 29. Kh2 Rb8 30. Rd2 Rb3 31. Rf3 Bxc3 32. Rxc3 Rxc3 33. Qxc3 Ne4 34. Qe3 Qb8+ 35. Kg2 Nxd2 36. Qxd2 Kh7 37. Qc3 Qf4 38. Qc2 Qd4 39. Qe2 c3 40. Qe1 0-1


[Site "https://www.chess.com"]

[Event "Titled Tuesday Blitz November 29 Late 2022"]
[White "Salman, Pavel"]
[Black "Gatterer, Florian"]
[WhiteFideId "24153753"]
[BlackFideId "811688"]
[WhiteElo "2187"]
[BlackElo "2218"]
[Result "0-1"]
[Round "07"]
[TimeControl "180+1"]
[Date "2022.11.30"]
[WhiteClock "0:00:10"]
[BlackClock "0:00:18"]

1. Nf3 Nf6 2. g3 g6 3. Bg2 Bg7 4. O-O d5 5. d3 O-O 6. Nbd2 Nc6 7. e4 dxe4 8. dxe4 Bg4 9. c3 Ne5 10. Qc2 Nxf3+ 11. Nxf3 Nd7 12. h3 Bxf3 13. Bxf3 e5 14. Be3 Qe7 15. Rfd1 h5 16. b4 h4 17. Kg2 Bf6 18. Bg4 Rfd8 19. Rd2 Nf8 20. Rad1 Bg5 21. Rxd8 Rxd8 22. Rxd8 Qxd8 23. Qe2 hxg3 24. fxg3 Bxe3 25. Qxe3 b6 26. a4 Kg7 27. h4 Nh7 28. a5 Nf6 29. Be2 Qd6 30. axb6 axb6 31. h5 Qc6 32. h6+ Kh7 33. Bf3 Ng8 34. g4 Nxh6 35. g5 Ng8 36. Bg4 Kg7 37. Be2 Qd6 38. Bc4 Qe7 39. Kg3 f6 40. Bxg8 Kxg8 41. gxf6 Qxf6 42. Qh6 Qf4+ 43. Qxf4 exf4+ 44. Kxf4 Kf7 45. Kg5 b5 46. e5 c6 47. Kf4 Ke6 48. Ke4 g5 49. Kd4 g4 50. Kc5 g3 51. Kxc6 g2 52. Kxb5 g1=Q 53. c4 Qa7 54. c5 Qb7+ 55. Kc4 Kxe5 56. b5 Qe4+ 57. Kb3 Kd5 0-1


[Site "https://www.chess.com"]

[Event "Titled Tuesday Blitz November 29 Late 2022"]
[White "Santos Flores, Alberto"]
[Black "Ibarra Jerez, Jose Carlos"]
[WhiteFideId "3601234"]
[BlackFideId "2226332"]
[WhiteElo "2235"]
[BlackElo "2638"]
[Result "0-1"]
[Round "07"]
[TimeControl "180+1"]
[Date "2022.11.30"]
[WhiteClock "0:00:05"]
[BlackClock "0:01:20"]

1. d4 Nf6 2. Nf3 g6 3. Bf4 d6 4. e3 Bg7 5. h3 O-O 6. Nbd2 c5 7. c3 Be6 8. Be2 Qb6 9. Qc1 Nc6 10. O-O Rac8 11. a3 cxd4 12. exd4 Nd5 13. Bg3 Nxd4 14. Nxd4 Bxd4 15. Ne4 Bg7 16. Re1 h6 17. Qd2 f5 18. c4 Ne3 19. fxe3 fxe4 20. Rac1 Qxb2 21. Qxb2 Bxb2 22. Rb1 Bc3 23. Red1 b6 24. Rb3 Bxc4 25. Bxc4+ Rxc4 26. Rc1 Rfc8 0-1


[Site "https://www.chess.com"]

[Event "Titled Tuesday Blitz November 29 Late 2022"]
[White "Sariego Figueredo, Wilfredo"]
[Black "Gubajdullin, Alexei"]
[WhiteFideId "3500080"]
[BlackFideId "4141202"]
[WhiteElo "2309"]
[BlackElo "2230"]
[Result "0-1"]
[Round "07"]
[TimeControl "180+1"]
[Date "2022.11.30"]
[WhiteClock "0:00:03"]
[BlackClock "0:01:07"]

1. d4 d5 2. Bf4 Nf6 3. e3 Bf5 4. Bd3 e6 5. Nf3 Bd6 6. Bg3 O-O 7. Bxf5 exf5 8. Nbd2 Ne4 9. c3 c6 10. O-O Nd7 11. Nxe4 fxe4 12. Bxd6 exf3 13. Bxf8 fxg2 14. Kxg2 Nxf8 15. Rg1 Ng6 16. Kf1 Qh4 17. Rg2 Re8 18. Qg4 Qf6 19. Rg3 h6 20. Rf3 Qe7 21. Ke2 a5 22. Rg1 a4 23. Rxf7 Qxf7 24. Qxg6 Qxg6 25. Rxg6 a3 26. b3 Re4 27. Kf3 Kf7 28. Rd6 Ke7 29. Rg6 Kf7 30. Rg1 g5 31. h3 Kf6 32. Rc1 Kf5 33. c4 Rh4 34. Kg3 Ke4 35. cxd5 cxd5 36. Rc7 Kd3 37. Rxb7 Kc3 38. Ra7 Kb2 39. b4 Kxa2 40. b5 Re4 41. b6 Re8 42. Rd7 Rb8 43. Rxd5 Rxb6 44. Ra5 Kb2 45. e4 a2 46. d5 Rb3+ 47. Kg4 Ra3 48. Rb5+ Kc2 49. Rc5+ Kd2 50. d6 a1=Q 51. d7 Qd1+ 52. Kf5 Qf3+ 53. Ke5 Rd3 54. Rd5 Rxd5+ 55. Kxd5 Qf8 56. e5 Qe7 57. e6 Ke2 58. Kc6 Qxe6+ 59. Kc7 Qe7 60. Kc8 Qc5+ 61. Kb8 Qd6+ 62. Kc8 Qc6+ 63. Kd8 Kxf2 64. Ke7 Qe4+ 65. Kf8 Qf5+ 0-1


[Site "https://www.chess.com"]

[Event "Titled Tuesday Blitz November 29 Late 2022"]
[White "Savic, Miroslav"]
[Black "Vargas Pereda, Jesus Manue"]
[WhiteFideId "14508494"]
[BlackFideId "5115710"]
[WhiteElo "2209"]
[BlackElo "1950"]
[Result "0-1"]
[Round "07"]
[TimeControl "180+1"]
[Date "2022.11.30"]
[WhiteClock "0:00:09"]
[BlackClock "0:00:54"]

1. Nf3 c5 2. c4 Nc6 3. Nc3 g6 4. g3 Bg7 5. Bg2 d6 6. O-O e5 7. e4 Nge7 8. d3 O-O 9. Nd5 Rb8 10. Bg5 f6 11. Be3 a6 12. b3 b5 13. cxb5 axb5 14. a4 Nxd5 15. exd5 Nb4 16. axb5 Rxb5 17. Qc1 Rb8 18. Qc4 Qb6 19. Nd2 Qb5 20. Ne4 Rd8 21. Nc3 Qxc4 22. dxc4 Nc2 23. Rab1 f5 24. Bg5 Rd7 25. Rfc1 Nd4 26. Be3 Nxb3 27. Rc2 Rdb7 28. f3 Nd4 29. Rxb7 Rxb7 30. Bxd4 exd4 31. Nb5 Bd7 32. Nxd6 Rb1+ 33. Bf1 Ba4 34. Ra2 d3 35. Kf2 Bd4+ 36. Kg2 Bc2 37. Nb5 Rb2 38. Rxb2 Bxb2 0-1


[Site "https://www.chess.com"]